 Dungeon Crawl Stone Soup version 0.29-a0-1065-g47a6bb87d6 (webtiles) character file.

Game seed: 5115166494678278640

106 nickcage the Cudgeller (level 4, 0/39 HPs)
             Began as a Minotaur Abyssal Knight on Aug 18, 2022.
             Was a Priest of Lugonu.
             Slain by Robin
             ... wielding a +0 club
              (4 damage)
             ... on level 2 of the Dungeon.
             The game lasted 00:02:58 (1705 turns).

nickcage the Cudgeller (Minotaur Abyssal Knight)    Turns: 1705, Time: 00:02:58

Health: 0/39       AC:  6    Str: 19    XL:     4   Next: 55%
Magic:  4/4        EV: 14    Int:  7    God:    Lugonu [***...]
Gold:   106        SH:  0    Dex: 17    Spells: 3/3 levels left

rFire   . . .      SeeInvis .   a - +1 mace
rCold   . . .      Faith    .   (no shield)
rNeg    . . .      Spirit   .   d - +0 scale mail
rPois   .          Reflect  .   (helmet restricted)
rElec   .          Harm     .   (no cloak)
rCorr   .          Rampage  .   (no gloves)
Will    .....                   (no boots)
Stlth   ..........              (no amulet)
HPRegen 0.13/turn               e - +6 ring of dexterity
MPRegen 0.09/turn               g - +4 ring of evasion

@: no status effects
A: horns 2, retaliatory headbutt
a: Renounce Religion, Depart the Abyss, Bend Space, Banish


You were on level 2 of the Dungeon.
You worshipped Lugonu.
Lugonu was most pleased with you.
You visited 1 branch of the dungeon, and saw 2 of its levels.
You visited the Abyss 1 time.

You collected 106 gold pieces.

Inventory:

Hand Weapons
 a - a +1 mace (weapon)
Armour
 b - a +0 leather armour
 d - a +0 scale mail (worn)
Jewellery
 e - a +6 ring of dexterity (left hand)
 g - a +4 ring of evasion (right hand)
Scrolls
 c - a scroll of vulnerability {unknown}
 i - a scroll of immolation {unknown}
 k - a scroll of enchant weapon {unknown}
Potions
 f - 2 potions of curing {unknown}
 h - a potion of resistance {unknown}
 j - 2 potions of attraction {unknown}


   Skills:
 - Level 3.6 Fighting
 + Level 5.9 Maces & Flails
 - Level 2.4 Armour
 - Level 1.1 Dodging
 - Level 1.7 Invocations


You had 3 spell levels left.
You didn't know any spells.
Your spell library contained the following spells:

 Spells                   Type           Power      Damage    Failure   Level
 Freeze                   Ice            0%         1d3       80%         1
 Blink                    Tloc           0%         N/A       91%         2
 Frozen Ramparts          Ice            0%         1d1       99%         3
 Ignite Poison            Fire/Tmut/Pois 0%         N/A       99%         3
 Lesser Beckoning         Tloc           0%         N/A       99%         3
 Mephitic Cloud           Conj/Pois/Air  0%         N/A       99%         3
 Hailstorm                Conj/Ice       0%         3d3       100%        4
 Freezing Cloud           Conj/Ice/Air   0%         6-21      100%        5
 Manifold Assault         Tloc           0%         N/A       100%        5


Dungeon Overview and Level Annotations

Branches:
Dungeon (2/15)

Altars:

Shops:
D:1 !

Annotations:
D:2 Robin


Innate Abilities, Weirdness & Mutations

You have a pair of horns on your head.
You reflexively headbutt those who attack you in melee.


Message History

You hear a shout!
The hobgoblin throws a stone.
The stone barely misses you.
The goblin shoots a sling bullet.
The sling bullet misses you.
Robin shouts!
Robin roars a battlecry!
The goblins go into a battle-frenzy!
The hobgoblin hits you.
The goblin unwields a +0 sling.
The goblin wields a +0 club.
The goblin hits you with a +0 club.
Things that are here:
a potion of invisibility; a +0 dagger; a goblin corpse You barely miss the goblin.
You headbutt the goblin.
The goblin is severely wounded.
The hobgoblin closely misses you. You furiously retaliate!
You headbutt the hobgoblin!
You kill the hobgoblin!
Lugonu accepts your kill. The goblin hits you with a +0 club.
You completely miss the goblin.
The goblin is severely wounded.
The goblin hits you with a +0 club. x2
You barely miss the goblin.
The goblin is severely wounded.
Robin throws the goblin at you! The goblin hits you with a +0 dagger.
The goblin hits you but does no damage. The goblin misses you.
You hit the goblin.
The goblin is moderately wounded.
The goblin hits you with a +0 dagger.
You hit the goblin.
You kill the goblin!
Lugonu accepts your kill. Robin barely misses you.
You hit Robin but do no damage.
Robin zaps a wand.
The puff of flame hits you.
* * * LOW HITPOINT WARNING * * *
You barely miss Robin. Robin throws the goblin at you!
You hit Robin. You headbutt Robin, but do no damage.
Robin is moderately wounded.
The goblin hits you with a +0 club.
* * * LOW HITPOINT WARNING * * *
Robin hits you with a +0 club.
You die...

#####.###############
#................#
#.####.#########.# #.# #.# #.#
#.####.#########.#
#...##.##........#
###.##.##........#
###############.##.##........####
...............g@g...............
###########.....##g##........####
..# #.#####.......>....#### #.#
#.#####..g.........#..# #.#
#####..................#..# ###
###...'..................#...
#.#.###....g.............#.##
#####.#.# #..................#...
.#.#..#.# #..................####


You could see Robin and 2 goblins.

Vanquished Creatures
  Jessica (D:2)
  2 adders (D:2)
  3 dart slugs (D:2)
  2 worms (D:2)
  2 ball pythons (D:1)
  3 endoplasms
  3 giant cockroaches
  9 goblins
  8 hobgoblins
  2 quokkas
  4 bats
  2 frilled lizards (D:2)
  4 kobolds
  3 rats
48 creatures vanquished.

Notes
Turn   | Place    | Note
-------+----------+-------------------------------------------
     0 | Abyss:1  | nickcage the Minotaur Abyssal Knight began the quest for
                  | the Orb.
     0 | Abyss:1  | Reached XP level 1. HP: 19/19 MP: 1/1
     1 | D:1      | Escaped the Abyss
   130 | D:1      | Reached skill level 3 in Maces & Flails
   135 | D:1      | Reached XP level 2. HP: 23/26 MP: 2/2
   268 | D:1      | Found Vatud's Distillery.
   574 | D:1      | Reached skill level 4 in Maces & Flails
   732 | D:1      | Reached *** piety under Lugonu
   965 | D:2      | Reached XP level 3. HP: 31/31 MP: 3/3
   971 | D:2      | Noticed Jessica
   980 | D:2      | Killed Jessica
   981 | D:2      | Reached skill level 5 in Maces & Flails
  1116 | D:2      | Reached XP level 4. HP: 39/39 MP: 4/4
  1692 | D:2      | Noticed Robin
  1705 | D:2      | Slain by Robin

Illustrated notes

Levels and vault maps discovered:
D:1:      onia_arrival_mini_spirals, layout_basic, serial_shops,
          nicolae_shop_hallway_stairs, kennysheep_nondescript, minmay_quantized
D:2:      layout_basic, roderic_roman_lattice, uniq_jessica, uniq_robin,
          uniq_natasha

Skill      XL: |  1  2  3 |
---------------+----------+-----
Maces & Flails | 3 4 5 |  5.9
Fighting       | |  3.6
Armour         | |  2.4
Dodging        | |  1.1
Invocations    | |  1.7

Action                   |  1- 3 |  4- 6 || total
-------------------------+-------+-------++-------
Melee: Mace              |    58 |    33 ||    91
       Headbutt          |    10 |     7 ||    17
Armor: Leather armour    |     3 |       ||     3
       Scale mail        |    16 |     6 ||    22
Dodge: Dodged            |    42 |    20 ||    62

Table legend: (Time is in decaauts)
 A = Elapsed time spent in this place.
 B = Non-inter-level travel time spent in this place.
 C = Inter-level travel time spent in this place.
 D = Time resting spent in this place.
 E = Time spent auto-exploring this place.
 F = Levels seen in this place.
 G = Mean time per level.
                   A        B        C        D        E       F      G
               +--------+--------+--------+--------+--------+-----+--------+
         Total |   1718 |   1690 |     28 |      6 |   1427 |   3 |  572.7 |
       Dungeon |   1717 |   1689 |     28 |      6 |   1427 |   2 |  858.5 |
         Abyss |      1 |      1 |      0 |      0 |      0 |   1 |    1.0 |
               +--------+--------+--------+--------+--------+-----+--------+

Top non-repeatable levels by time:
     D:1: 888 daAuts
     D:2: 829 daAuts
 Abyss:1: 1 daAuts
